 Dungeon Crawl Stone Soup version 0.19-a0-1035-gdbfb0c6 (webtiles) character file.

121 UltraSvitz the Chopper (level 4, 0/40 HPs)
             Began as a Minotaur Berserker on July 30, 2016.
             Was a Believer of Trog.
             Slain by a kobold
             ... wielding a +0 short sword
              (2 damage)
             ... on level 3 of the Dungeon.
             The game lasted 00:06:22 (1706 turns).

UltraSvitz the Chopper (Minotaur Berserker)         Turns: 1706, Time: 00:06:22

Health: 0/40       AC:  2    Str: 23    XL:     4   Next: 76%
Magic:  3/3        EV: 12    Int:  4    God:    Trog [**....]
Gold:   145        SH:  0    Dex:  9    Spells: 0 memorised, 3 levels left

rFire  . . .     SeeInvis .     a - +0 hand axe
rCold  . . .     Gourm    .     b - +0 animal skin
rNeg   . . .     Faith    .     (no shield)
rPois  .         Spirit   .     (helmet restricted)
rElec  .         Dismiss  .     (no cloak)
rCorr  .         Reflect  .     (no gloves)
SustAt .         Harm     .     (no boots)
MR     .....                    (no amulet)
Stlth  +.........               (no ring)
                                (no ring)

@: not resistant to hostile enchantments, very unstealthy
A: retaliatory headbutt, horns 2
a: Berserk, Trog's Hand, Burn Spellbooks, Renounce Religion


You were on level 3 of the Dungeon.
You worshipped Trog.
Trog was pleased with you.
You were hungry.

You visited 1 branch of the dungeon, and saw 3 of its levels.

You collected 145 gold pieces.

Inventory:

Hand Weapons
 a - a +0 hand axe (weapon)
Armour
 b - a +0 animal skin (worn)
Jewellery
 p - a +2 ring of evasion {unknown}
Scrolls
 d - a scroll of random uselessness {unknown}
 e - a scroll of teleportation {unknown}
 g - a scroll of remove curse {unknown}
 h - a scroll of fog {unknown}
 i - a scroll of magic mapping {unknown}
 j - 3 scrolls of fear {unknown}
 k - 4 scrolls of recharging {unknown}
 l - 2 scrolls of identify {unknown}
 s - 2 scrolls of blinking {unknown}
Potions
 m - a potion of invisibility {unknown}
 n - a potion of might {unknown}
 o - a potion of flight {unknown}
 r - a potion of curing {unknown}
 t - a potion of berserk rage {unknown}
Comestibles
 c - 3 bread rations
 f - 2 meat rations


   Skills:
 - Level 3.8 Fighting
 + Level 6.5 Axes
 - Level 2.5 Armour
 - Level 2.2 Dodging


You had 3 spell levels left.
You didn't know any spells.

Dungeon Overview and Level Annotations

Branches:
Dungeon (3/15)

Altars:
Gozag


Innate Abilities, Weirdness & Mutations

You reflexively headbutt those who attack you in melee.
You have a pair of horns on your head.


Message History

You see here a dagger.
You hit the orc. Your headbutt misses the orc.
The orc is heavily wounded.
You miss the kobold. You hit the quokka. The orc closely misses you.
The quokka bites you but does no damage.
The kobold hits you with a short sword.
* * * LOW HITPOINT WARNING * * *
You hit the orc but do no damage.
The orc is heavily wounded.
You closely miss the quokka. You closely miss the kobold.
The quokka closely misses you. You furiously retaliate!
You headbutt the quokka!
You kill the quokka!
Trog accepts your kill. The kobold barely misses you.
The orc hits you with a flail.
* * * LOW HITPOINT WARNING * * *
You closely miss the orc. You headbutt the orc, but do no damage.
The orc is heavily wounded.
You barely miss the kobold. The kobold hits you with a short sword.
You die...

#.# ... #.# #
# ._..# ..
##.#. .(. ...
....
####K###.....
#...@o.......
#..<.†[..?...
#............
#............
##...........
##.....#....
###########


You could see an orc and a kobold.

Vanquished Creatures
  Ijyb (D:3)
  3 adders (D:2)
  A worm (D:2)
  4 dart slugs
  A giant gecko (D:2)
  An orc (D:3)
  6 bats
  5 giant cockroaches
  3 goblins
  5 hobgoblins
  6 jackals (D:2)
  A quokka (D:3)
  A ball python (D:1)
  2 giant newts (D:2)
  6 kobolds
  7 rats
53 creatures vanquished.

Notes
Turn   | Place    | Note
-------+----------+-------------------------------------------
     0 | D:1      | UltraSvitz the Minotaur Berserker began the quest for the Orb.
     0 | D:1      | Reached XP level 1. HP: 19/19 MP: 0/0
   317 | D:1      | You fall through a shaft!
   322 | D:2      | Reached skill level 4 in Axes
   335 | D:2      | Reached XP level 2. HP: 16/27 MP: 1/1
   346 | D:2      | Reached XP level 3. HP: 13/33 MP: 2/2
   497 | D:2      | Reached skill level 5 in Axes
   603 | D:2      | Reached ** piety under Trog
  1146 | D:1      | Reached XP level 4. HP: 38/40 MP: 3/3
  1570 | D:2      | Reached skill level 6 in Axes
  1692 | D:3      | Found an opulent altar of Gozag.
  1692 | D:3      | Noticed Ijyb
  1702 | D:3      | Killed Ijyb
  1705 | D:3      | HP: 2/40 [orc/flail (5)]
  1706 | D:3      | Slain by a kobold

Vault maps used:
D:1:      moated_graveyard_arrival, minivault_27
D:2:      first_bread
D:3:      nicolae_dithmenos_through_a_glass_darkly,
          nicolae_gozag_cash_rules_everything_around_me, uniq_iyjb

Skill      XL: |  1  2  3  4 |
---------------+-------------+-----
Axes           | 4 5 6 |  6.5
Fighting       | |  3.8
Armour         | |  2.5
Dodging        | |  2.2

Action                   |  1- 3 |  4- 6 || total
-------------------------+-------+-------++-------
Melee: Hand axe          |    71 |    33 ||   104
       Headbutt          |     8 |     9 ||    17
  Eat: Chunk             |       |     2 ||     2
Armor: Animal skin       |    14 |     5 ||    19
Dodge: Dodged            |    39 |    33 ||    72
